 Dungeon Crawl Stone Soup version 0.31-a0-152-g6aa68a64a1 (webtiles) character file.

Game seed: 1058010844981525684

335 IdlyInterested the Trooper (level 6, -5/48 HPs)
             Began as a Demonspawn Fighter on June 9, 2023.
             Slain by a gnoll bouda
             ... wielding a +0 club
              (9 damage)
             ... on level 4 of the Dungeon.
             The game lasted 00:09:54 (2953 turns).

IdlyInterested the Trooper (Demonspawn Fighter)     Turns: 2953, Time: 00:09:55

Health: -5/48      AC: 16    Str: 16    XL:     6   Next: 28%
Magic:  6/6        EV:  4    Int: 12    God:
Gold:   162        SH:  5    Dex: 14    Spells: 5/5 levels left

rFire   . . .        a - +0 war axe
rCold   . . .        c - +0 buckler
rNeg    . . .        j - +0 plate armour
rPois   .            (helmet restricted)
rElec   .            (no cloak)
rCorr   .            (no gloves)
SInv    .            s - +0 pair of boots {Stlth+}
Will    .....        (no amulet) Stlth
                     p - +4 ring of protection
HPRegen 0.28/turn    (no ring)
MPRegen 0.10/turn

%: no passive effects
@: no status effects
A: antennae 1, powered by death 1, big brain 1
a: no special abilities


You were on level 4 of the Dungeon.
You visited 1 branch of the dungeon, and saw 4 of its levels.

You collected 162 gold pieces.

Inventory:

Hand Weapons
 a - a +0 war axe (weapon)
 f - a +0 flail of venom
 l - a +4 spear
 q - a +2 heavy hand axe
 u - a +0 battleaxe
Missiles
 i - 10 stones (quivered)
 k - 6 poisoned darts
 n - 2 boomerangs
Armour
 c - a +0 buckler (worn)
 j - a +0 plate armour (worn)
 s - a +0 pair of boots of stealth (worn)
Jewellery
 e - a ring of magical power
 p - a +4 ring of protection (left hand)
Scrolls
 b - a scroll of blinking
 d - a scroll of fear {unknown}
 o - a scroll of immolation
 r - a scroll of vulnerability {unknown}
 t - a scroll of magic mapping {unknown}
Potions
 g - a potion of attraction
 h - a potion of mutation
 m - a potion of cancellation


   Skills:
 - Level 4.0 Fighting
 * Level 4.0 Axes
 - Level 1.0 Throwing
 - Level 2.6 Armour
 - Level 1.0 Dodging
 - Level 1.0 Stealth
 + Level 3.9 Shields
 + Level 0.1 Spellcasting
 - Level 1.0 Evocations


You had 5 spell levels left.
You didn't know any spells.
Your spell library contained the following spells:

 Spells                   Type           Power      Damage    Failure   Level
 Freeze                   Ice            0%         1d3       100%        1
 Cigotuvi's Dreadful Rot  Necr/Pois/Air  0%         N/A       100%        2
 Frozen Ramparts          Ice            0%         1d1       100%        3
 Hailstorm                Conj/Ice       0%         3d3       100%        3
 Ignite Poison            Fire/Tmut/Pois 0%         N/A       100%        3
 Freezing Cloud           Conj/Ice/Air   0%         6-21      100%        5


Dungeon Overview and Level Annotations

Branches:
Dungeon (4/15)
 Temple: D:4-7

Altars:
Hepliaklqana
Kikubaaqudgha
Uskayaw

Shops:
D:1 (


Innate Abilities, Weirdness & Mutations

You have a pair of small antennae on your head.
You regenerate a little health from kills.
You have an unusually large brain. (Int +2)


Message History

The gnoll barely misses you.
The gnoll hits you but does no damage. x2
You barely miss the gnoll.
The gnoll is almost dead.
You hit the gnoll bouda but do no damage.
You hit the gnoll. You hit the gnoll but do no damage. You hit the gnoll.
You kill the gnoll!
You hit the gnoll but do no damage. The gnoll hits you with a +0 spear.
The gnoll hits you with a +0 flail.
The gnoll bouda hits you but does no damage.
The gnoll hits you with a +0 whip. The gnoll hits you but does no damage.
The gnoll barely misses you. You block the gnoll's attack.
You hit the gnoll.
The gnoll is almost dead.
You hit the gnoll but do no damage. You barely miss the gnoll bouda.
You hit the gnoll. x2; The gnoll is no longer moving quickly.
The gnoll bouda hits you but does no damage.
An ogre comes into view. It is wielding a +0 giant spiked club.
The gnoll hits you but does no damage. x2; You block the gnoll's attack.
The gnoll hits you with a +0 flail.
* * * LOW HITPOINT WARNING * * *
The gnoll bouda barks out a call to the hunt!
The gnoll picks up the pace!
The ogre shouts!
You barely miss the gnoll.
The gnoll is almost dead.
You barely miss the gnoll. You hit the gnoll bouda.
You hit the gnoll but do no damage. You hit the gnoll.
The gnoll hits you but does no damage. x3; You block the gnoll's attack.
The gnoll bouda hits you but does no damage.
The gnoll hits you but does no damage. You block the gnoll's attack.
You closely miss the gnoll.
The gnoll is almost dead.
You hit the gnoll but do no damage. You barely miss the gnoll bouda.
You closely miss the gnoll. x2
Your attacks no longer feel as feeble.
The gnoll is no longer moving quickly. x2
The gnoll hits you but does no damage. The gnoll hits you with a +0 flail!
* * * LOW HITPOINT WARNING * * *
The gnoll bouda hits you with a +0 club!
You die...

..... #....#.......# .....
#....#....#.......# .....#
.#..>#....#.......# ......
#..O.#....#......## ......##
##....#....#......## .......##
##.....#....##.....##
........##.##......#....##.....##
......<...#....ggg.#............#
...####.....##.g@..#...........##
###+###.).g.#...........##
#......#.............
#......#.............
+.....(#.............
#......'....####+####
#......#.)..##.....##
#......#...........'.
##.....#...........#.


You could see an ogre, a gnoll bouda and 4 gnolls.

Vanquished Creatures
  Sigmund (D:4)
  A hound (D:4)
  An iguana (D:4)
  A gnoll (D:4)
  3 adders
  A worm (D:2)
  3 orcs (D:3)
  6 ball pythons
  6 bats
  6 endoplasms
  3 giant cockroaches
  3 goblins
  7 hobgoblins
  7 jackals (D:1)
  3 quokkas
  5 frilled lizards
  10 kobolds
  7 rats
74 creatures vanquished.

Notes
Turn   | Place    | Note
-------+----------+-------------------------------------------
     0 | D:1      | IdlyInterested the Demonspawn Fighter began the quest for
                  | the Orb.
     0 | D:1      | Reached XP level 1. HP: 18/18 MP: 1/1
    34 | D:1      | Reached skill level 1 in Dodging
    34 | D:1      | Gained mutation: You have a pair of small antennae on your
                  | head. [demonic ancestry]
    34 | D:1      | Reached XP level 2. HP: 24/24 MP: 2/2
   326 | D:1      | Reached skill level 1 in Stealth
   331 | D:1      | Reached XP level 3. HP: 23/29 MP: 3/3
   537 | D:1      | Found a faded altar of an unknown god.
   629 | D:1      | Found Ajishin's Antique Weapon Boutique.
  1125 | D:2      | Reached skill level 1 in Evocations
  1357 | D:2      | Reached XP level 4. HP: 35/35 MP: 4/4
  2076 | D:3      | Found a hazy altar of Hepliaklqana.
  2278 | D:3      | Found an ancient bone altar of Kikubaaqudgha.
  2310 | D:3      | Reached skill level 1 in Throwing
  2499 | D:3      | Found a hide-covered altar of Uskayaw.
  2586 | D:4      | Noticed Sigmund
  2606 | D:4      | Killed Sigmund
  2607 | D:4      | Gained mutation: You regenerate a little health from kills.
                  | [demonic ancestry]
  2607 | D:4      | Reached XP level 5. HP: 5/42 MP: 5/5
  2607 | D:4      | Gained mutation: You have an unusually large brain. (Int
                  | +2) [demonic ancestry]
  2607 | D:4      | Reached XP level 6. HP: 6/48 MP: 6/6
  2953 | D:4      | Slain by a gnoll bouda

Illustrated notes

Levels and vault maps discovered:
D:1:      moated_graveyard_arrival, layout_basic, serial_shops,
          nicolae_shop_tiny_waterfront, hellmonk_ecumenical_altar_arch_garden,
          hex_tiny, serial_bayou_pond_e, lexackson_kobold_supper
D:2:      layout_loops_ring
D:3:      layout_rooms, nicolae_hepliaklqana_hazy_memory,
          nicolae_uskayaw_murder_on_the_dancefloor, kiku_gazebo_pond_becter,
          nicolae_elyvilon_temple_path, chequers_serial_rivers_micro_c
D:4:      layout_gridville, nicolae_overflow_squiral, evilmike_ruin_ashenzari,
          gammafunk_ghost_nasty_kobolds, grunt_decor_mini_mirrors,
          amethyst_killhole, minmay_box_of_dots, uniq_sigmund, uniq_duvessa

Skill      XL: |  1  2  3  4  5  6 |
---------------+-------------------+-----
Axes           | 2 3 4 |  4.0
Dodging        | 1 |  1.0
Stealth        | 1 |  1.0
Shields        | 3 |  3.9
Evocations     | 1 |  1.0
Throwing       | 1 |  1.0
Fighting       | 4 |  4.0
Armour         | |  2.6
Spellcasting   | |  0.1

Action                     |  1- 3 |  4- 6 || total
---------------------------+-------+-------++-------
  Melee: War axe           |   117 |    71 ||   188
  Throw: Stone             |       |    22 ||    22
    Use: Scroll            |     5 |     1 ||     6
         Potion            |       |     5 ||     5
 Armour: Scale mail        |    32 |       ||    32
         Plate armour      |    38 |    92 ||   130
  Dodge: Dodged            |    59 |    22 ||    81
  Block: Buckler           |    35 |    22 ||    57

Table legend: (Time is in decaauts)
 A = Elapsed time spent in this place.
 B = Non-inter-level travel time spent in this place.
 C = Inter-level travel time spent in this place.
 D = Time resting spent in this place.
 E = Time spent auto-exploring this place.
 F = Levels seen in this place.
 G = Mean time per level.
                   A        B        C        D        E       F      G
               +--------+--------+--------+--------+--------+-----+--------+
         Total |   3035 |   2629 |    406 |    384 |   1495 |   4 |  758.8 |
       Dungeon |   3035 |   2629 |    406 |    384 |   1495 |   4 |  758.8 |
               +--------+--------+--------+--------+--------+-----+--------+

Top non-repeatable levels by time:
     D:1: 1088 daAuts
     D:2: 876 daAuts
     D:3: 828 daAuts
     D:4: 241 daAuts
